 Dungeon Crawl Stone Soup version 0.29-a0-88-g03a7b78be7 (webtiles) character file.

Game seed: 8240006192887832344

126 lordive the Grasshopper (level 4, -1/42 HPs)
             Began as a Troll Warper on Feb 5, 2022.
             Slain by an orc wizard (3 damage)
             ... on level 3 of the Dungeon.
             The game lasted 00:00:51 (417 turns).

lordive the Grasshopper (Troll Warper)               Turns: 417, Time: 00:00:52

Health: -1/42      AC:  4    Str: 19    XL:     4   Next: 84%
Magic:  5/5        EV: 10    Int: 11    God:
Gold:   34         SH:  0    Dex:  9    Spells: 5/5 levels left

rFire   . . .      SeeInvis .     - Unarmed
rCold   . . .      Faith    .   (no shield)
rNeg    . . .      Spirit   .   a - +0 robe
rPois   .          Reflect  .   (helmet restricted)
rElec   .          Harm     .   (no cloak)
rCorr   .          Rampage  .   (gloves unavailable)
Will    .....                   (boots unavailable)
Stlth   +.........              (no amulet)
HPRegen 0.94/turn               (no ring)
MPRegen 0.09/turn               (no ring)

@: no status effects
A: large, unfitting armour, claws 3, regeneration 1, shaggy fur 1, tough skin 1
a: no special abilities


You were on level 3 of the Dungeon.
You visited 1 branch of the dungeon, and saw 3 of its levels.

You collected 34 gold pieces.

Inventory:

Missiles
 c - 5 boomerangs of dispersal (quivered)
Armour
 a - a +0 robe (worn)
Scrolls
 b - 2 scrolls of blinking
 d - a scroll of vulnerability {unknown}
 e - a scroll of amnesia {unknown}
 f - a scroll of teleportation {unknown}


   Skills:
 + Level 1.8 Fighting
 - Level 0.8 Throwing
 + Level 2.5 Dodging
 + Level 0.2 Stealth
 + Level 2.9 Unarmed Combat
 + Level 1.4 Spellcasting
 * Level 3.2 Translocations


You had 5 spell levels left.
You didn't know any spells.
Your spell library contained the following spells:

 Spells                   Type           Power      Damage    Failure   Level
 Blink                    Tloc           14%        N/A       13%         2
 Gell's Gravitas          Tloc           7%         N/A       26%         3
 Lesser Beckoning         Tloc           7%         N/A       26%         3
 Teleport Other           Tloc           7%         N/A       26%         3
 Manifold Assault         Tloc           7%         N/A       93%         5


Dungeon Overview and Level Annotations

Branches:
Dungeon (3/15)

Altars:


Innate Abilities, Weirdness & Mutations

You are too large for most types of armour.
You have claws for hands.
Your natural rate of healing is unusually fast.
You are covered in fur. (AC +1)
You have tough skin. (AC +1)


Message History

You feel sick.
You are no longer poisoned.
Something hits you but does no damage.
Items here: )) [ ††.
You completely miss something. Something hits you.
You barely miss something. Something hits you.
You miss something. You closely miss something. Something hits you.
You scratch something.
You hear some strange, mumbled words.
A puff of flame appears from out of thin air!
The puff of flame hits you!
You barely miss something.
You hear some strange, mumbled words.
Something hits you.
You scratch something but do no damage. Something hits you.
You scratch something.
A magic dart appears from out of thin air!
The magic dart hits something.
You hear some strange, mumbled words.
A puff of flame appears from out of thin air!
The puff of flame hits you.
* * * LOW HITPOINT WARNING * * *
You miss something.
You hear some strange, mumbled words.
A magic dart appears from out of thin air!
The magic dart hits you!
* * * LOW HITPOINT WARNING * * *
You barely miss something. Something hits you.
* * * LOW HITPOINT WARNING * * *
You scratch something. Something hits you but does no damage.
You closely miss something.
You hear some strange, mumbled words.
A magic dart appears from out of thin air!
The magic dart hits you.
* * * LOW HITPOINT WARNING * * *
You miss something.
You hear some strange, mumbled words.
Something hits you.
You die...

##.# #.# ...# #.# .#.#
... ...# #.# +# #..# #.#
... ...# ##.# .... #.##
##..## .....
#.#########..#.###......
............###.@{......
#.########...#.###......
#.# #.#..## ..... #.#
#.#### .... #.# #.# ...
#.# #.# +# #.# #.# #.#
#.# #.#


There were no monsters in sight!

Vanquished Creatures
  A black bear (D:3)
  A gnoll (D:3)
  An adder (D:3)
  An orc (D:3)
  2 endoplasms
  2 goblins
  4 jackals (D:2)
  2 kobolds
  A ball python (D:3)
  2 rats (D:1)
17 creatures vanquished.

Notes
Turn   | Place    | Note
-------+----------+-------------------------------------------
     0 | D:1      | lordive the Troll Warper began the quest for the Orb.
     0 | D:1      | Reached XP level 1. HP: 19/19 MP: 1/1
   184 | D:2      | Reached XP level 2. HP: 18/27 MP: 2/2
   227 | D:3      | Noticed a black bear
   240 | D:3      | Killed a black bear
   241 | D:3      | Reached skill level 3 in Translocations
   241 | D:3      | Reached XP level 3. HP: 26/35 MP: 2/4
   241 | D:3      | Reached XP level 4. HP: 31/42 MP: 2/5
   416 | D:3      | HP: 1/42 [something/magic dart (5)]
   417 | D:3      | Slain by an orc wizard

Illustrated notes

Levels and vault maps discovered:
D:1:      tarquinn_simple_flora_water_d, layout_basic, minmay_misc_feat_hallway,
          minmay_misc_feat_x, roderic_three_in_a_row, grunt_decor_mini_mirrors
D:2:      layout_loops_ring
D:3:      layout_loops_corners

Skill      XL: |  1  2 |
---------------+-------+-----
Dodging        | 2 |  2.5
Translocations | 3 |  3.2
Fighting       | |  1.8
Throwing       | |  0.8
Stealth        | |  0.2
Unarmed Combat | |  2.9
Spellcasting   | |  1.4

Action                   |  1- 3 |  4- 6 || total
-------------------------+-------+-------++-------
Melee: Unarmed           |    35 |    31 ||    66
       Punch             |     2 |     1 ||     3
 Stab: Sleeping          |     1 |       ||     1
Armor: Robe              |    11 |     4 ||    15
Dodge: Dodged            |    18 |     6 ||    24

Table legend: (Time is in decaauts)
 A = Elapsed time spent in this place.
 B = Non-inter-level travel time spent in this place.
 C = Inter-level travel time spent in this place.
 D = Time resting spent in this place.
 E = Time spent auto-exploring this place.
 F = Levels seen in this place.
 G = Mean time per level.
                   A        B        C        D        E       F      G
               +--------+--------+--------+--------+--------+-----+--------+
         Total |    413 |    389 |     24 |      0 |    273 |   3 |  137.7 |
       Dungeon |    413 |    389 |     24 |      0 |    273 |   3 |  137.7 |
               +--------+--------+--------+--------+--------+-----+--------+

Top non-repeatable levels by time:
     D:3: 191 daAuts
     D:1: 141 daAuts
     D:2: 80 daAuts
